 Dungeon Crawl Stone Soup version 0.19-a0-1735-g048f9dc (webtiles) character file.

261 Eucla the Ducker (level 5, -3/28 HPs)
             Began as a Spriggan Berserker on Sept 30, 2016.
             Was a Priest of Trog.
             Killed by divine providence
             ... invoked by an orc priest
              (12 damage)
             ... on level 4 of the Dungeon.
             The game lasted 00:02:59 (2365 turns).

Eucla the Ducker (Spriggan Berserker)               Turns: 2365, Time: 00:02:59

Health: -3/28      AC:  2    Str: 13    XL:     5   Next: 96%
Magic:  6/6        EV: 22    Int:  9    God:    Trog [***...]
Gold:   219        SH:  0    Dex: 16    Spells: 0 memorised, 4 levels left

rFire  . . .     SeeInvis +     s - +1 dagger (venom)
rCold  . . .     Gourm    .     b - +0 animal skin
rNeg   . . .     Faith    .     (shield restricted)
rPois  .         Spirit   .     (helmet restricted)
rElec  .         Dismiss  .     (no cloak)
rCorr  .         Reflect  .     (gloves unavailable)
MR     .....     Harm     .     (boots unavailable)
Stlth  +.........               (no amulet)
                                (no ring)
                                (no ring)

@: very quick
A: unfitting armour, see invisible, herbivore 3, speed 3, slow metabolism 2
a: Berserk, Trog's Hand, Burn Spellbooks, Renounce Religion


You were on level 4 of the Dungeon.
You worshipped Trog.
Trog was most pleased with you.
You were not hungry.

You visited 1 branch of the dungeon, and saw 4 of its levels.

You collected 219 gold pieces.

Inventory:

Hand Weapons
 a - a +0 falchion
 s - a +1 dagger of venom (weapon)
Armour
 b - a +0 animal skin (worn)
Jewellery
 o - a cursed ring of loudness {unknown}
 u - an uncursed ring of resist corrosion {unknown}
Scrolls
 d - 6 scrolls of fog {unknown}
 f - a scroll of enchant weapon {unknown}
 g - 2 scrolls of teleportation {unknown}
 j - a scroll of remove curse {unknown}
 k - a scroll of identify {unknown}
 l - a scroll of fear {unknown}
 n - a scroll of blinking {unknown}
 r - a scroll of recharging {unknown}
Potions
 c - 2 potions of curing {unknown}
 e - a potion of lignification {unknown}
 h - a potion of brilliance {unknown}
 i - a potion of beneficial mutation {unknown}
 t - a potion of degeneration {unknown}
Comestibles
 m - a royal jelly
 p - a slice of pizza
 q - 2 bread rations


   Skills:
 + Level 3.5 Fighting
 * Level 4.1 Long Blades
 + Level 6.3 Dodging


You had 4 spell levels left.
You didn't know any spells.

Dungeon Overview and Level Annotations

Branches:
Dungeon (4/15)
 Temple: D:4-7

Altars:
Kikubaaqudgha
Ru
Uskayaw


Innate Abilities, Weirdness & Mutations

You are very small and have problems with some larger weapons.
You are too small for most types of armour.
You have supernaturally acute eyesight. (SInv)
You are a herbivore.
You cover ground extremely quickly.
You need consume almost no food.


Message History

The orc wizard mumbles some strange words.
Unknown command.
You miss the orc wizard.
The orc wizard is moderately wounded.
The orc wizard misses you.
Unknown command.
You hit the orc wizard.
The orc wizard looks as sick as possible!
The orc wizard is heavily wounded.
You kill the orc wizard!
Trog accepts your kill.
Trog appreciates your killing of a magic user.
The orc priest invokes the aid of Beogh against you.
Beogh smites you!
* * * LOW HITPOINT WARNING * * *
The orc priest miscasts a cantrip.
You see here a leather armour.
The orc priest calls down the wrath of Beogh upon you.
Beogh smites you!
You die...

...... ....## .
........... ..
#.........####... #
#.....##........# ..
#.#...#.........# ...
#o#...#.........# ....
#.#...#.@<......#
.....#+#.##..o.........#
.........##..[.#..######
...........)...#..#
..........o#+#+#....
...........# ......
...........# .######
..#......### .
..........


You could see an orc priest and an orc.

Vanquished Creatures
  2 vampire bats (D:2)
  2 orc wizards
  Jessica (D:3)
  2 adders
  An ooze (D:2)
  3 dart slugs
  A leopard gecko (D:1)
  An orc (D:4)
  A ball python (D:1)
  3 bat skeletons (D:2)
  3 bat zombies (D:2)
  2 giant cockroaches (D:2)
  5 goblins
  8 hobgoblins
  3 jackals (D:1)
  9 kobolds
  2 quokkas
  10 bats
  4 frilled lizards
  A quokka skeleton (D:4)
  9 rats
73 creatures vanquished.

Notes
Turn   | Place    | Note
-------+----------+-------------------------------------------
     0 | D:1      | Eucla the Spriggan Berserker began the quest for the Orb.
     0 | D:1      | Reached XP level 1. HP: 11/11 MP: 2/2
    49 | D:1      | Reached XP level 2. HP: 16/16 MP: 3/3
   435 | D:1      | Reached skill level 5 in Dodging
   558 | D:2      | Reached ** piety under Trog
   562 | D:2      | Reached XP level 3. HP: 6/19 MP: 4/4
   792 | D:2      | Reached XP level 4. HP: 17/23 MP: 5/5
   793 | D:2      | Found an ancient bone altar of Kikubaaqudgha.
  1300 | D:2      | Found a sacrificial altar of Ru.
  1327 | D:2      | Reached XP level 5. HP: 9/28 MP: 6/6
  1458 | D:2      | Found a hide-covered altar of Uskayaw.
  1540 | D:2      | Reached skill level 6 in Dodging
  1882 | D:3      | Noticed Jessica
  1892 | D:3      | Killed Jessica
  2077 | D:3      | Reached *** piety under Trog
  2365 | D:4      | Killed from afar by an orc priest

Vault maps used:
D:1:      ncdulo_halloftheorcs, grunt_decor_clamped
D:2:      kennysheep_vampire_church, eat_drink_and_be_merry_uskayaw,
          nicolae_ru_great_annihilating_truth, roderic_serpentine_path,
          st_stairs_5
D:3:      first_bread, minmay_misc_feat_encased, uniq_jessica
D:4:      corexii_shack_village, tso_altar, lemuel_crystal_altar

Skill      XL: |  1  2  3  4  5 |
---------------+----------------+-----
Dodging        | 5 6 |  6.3
Long Blades    | 3 4 |  4.1
Fighting       | 3 |  3.5

Action                   |  1- 3 |  4- 6 || total
-------------------------+-------+-------++-------
Melee: Falchion          |   118 |   135 ||   253
       Dagger            |       |    45 ||    45
Invok: Berserk           |     1 |     1 ||     2
       Trog's Hand       |       |     1 ||     1
 Stab: Sleeping          |     1 |     3 ||     4
  Eat: Bread ration      |       |     1 ||     1
Armor: Animal skin       |    14 |     8 ||    22
Dodge: Dodged            |   126 |   148 ||   274
